Unix NetHack Version 3.7.0-62 Work-in-progress - last build Sep 11 2022 22:50:51 (50a4e0875b74f16bdbec0d79e29a59bb940978ed,branch:master). Game began 2022-09-13 15:47:49, ended 2022-09-22 16:11:31. adinthrae, lawful female human Valkyrie --------- -------- ----- |.^.....| |......| |....## ------------ |.....0.-# |......| |...| ## |..........| |.......|## |....<.-# |.%[| # |..........| |.<.....| # ----.---## #....-# # #-..........| --------- # #[## # #-----# ## #|..........| ## ### # ### # #####------.----- ## # # # # #### ###### # # # ## % # # # # -----|--- #------# # # # # # # |......."##### #|hfR.|# #----|-# ### % ##-%[.....| #|oB..|# #-.%..-# # -----.-- |.......| #..dF.-# |%...| ##.)).%..| --------- |y.Z.| |....| |....%>| |QFa.. ...... .......| ------ |..@*d.| ----c--- # Adinthrae the Woman-at-arms St:17 Dx:17 Co:18 In:8 Wi:11 Ch:9 Lawful S:33378 Dlvl:10 $:0 HP:0(102) Pw:34(34) AC:2 Xp:10/6296 T:10420 Hungry Latest messages: You miss the rock mole. You miss the rock mole. The little dog misses the rock mole. The little dog misses the rock mole. You miss the rock mole. The little dog bites the rock mole. The rock mole bites the little dog. The pyrolisk attacks you with a fiery gaze! You miss the rock mole. The pyrolisk attacks you with a fiery gaze! You miss the rock mole. You bite the rock mole. The pyrolisk attacks you with a fiery gaze! You return to human form! You are beginning to feel hungry. a - a thoroughly rusty +1 spear. I - a rusty +3 orcish helm. G - a thoroughly rusty +2 pair of iron shoes. c - an uncursed rotted +3 small shield. The pyrolisk attacks you with a fiery gaze! What do you want to wield? [- a or ?*] a - a thoroughly rusty +1 spear (weapon in hand). What do you want to wear? [cGI or ?*] You are now wearing a small shield. The rock mole bites! What do you want to wear? [GI or ?*] The rock mole bites! You finish your dressing maneuver. You miss the rock mole. You hit the rock mole. You kill the rock mole! What do you want to wear? [I or ?*] The pyrolisk attacks you with a fiery gaze! You finish your dressing maneuver. The pyrolisk attacks you with a fiery gaze! The little dog picks up a rock. The pyrolisk attacks you with a fiery gaze! The little dog drops a rock. The pyrolisk attacks you with a fiery gaze! Your wooden shield smoulders! You destroy the gnome zombie! The pyrolisk attacks you with a fiery gaze! Your wooden shield smoulders further! You hit the pyrolisk. The little dog picks up a rock. You hit the pyrolisk. The little dog drops a rock. The pyrolisk attacks you with a fiery gaze! You die... Do you want your possessions identified? [ynq] (y) Inventory: Amulets O - an uncursed amulet of ESP Weapons a - a thoroughly rusty +1 spear (weapon in hand) Armor I - a blessed rusty +3 orcish helm (being worn) G - an uncursed thoroughly rusty +2 pair of iron shoes (being worn) c - an uncursed very burnt rotted +3 small shield (being worn) Wands r - a wand of fire (0:0) t - a wand of locking (0:4) w - a wand of locking (0:4) M - a wand of magic missile (0:1) e - a wand of sleep (0:5) Tools x - an uncursed bag of holding named holding containing 20 items j - an empty uncursed sack N - an uncursed tin whistle Contents of the bag of holding named holding: 7644 gold pieces an uncursed +0 pair of elven boots an uncursed +0 pair of jumping boots an uncursed +0 elven cloak an uncursed egg an uncursed lizard corpse an uncursed scroll of light a blessed scroll of punishment an uncursed potion of water a blessed potion of extra healing a cursed ring of hunger an uncursed ring of protection from shape changers an uncursed +2 ring of protection a wand of create monster (0:12) a wand of opening (0:3) a wand of speed monster (0:5) a cursed magic marker (0:50) a +0 pick-axe an uncursed tin whistle a +0 unicorn horn Adinthrae the Valkyrie's attributes: Background: You were a Woman-at-arms, a level 10 human Valkyrie. You were lawful, on a mission for Tyr who was opposed by Odin (neutral) and Loki (chaotic). You were in the Dungeons of Doom, on level 10. You entered the dungeon 10420 turns ago. You had 6296 experience points, 3704 more were needed to attain level 11. Your score was 33378 before end-of-game adjustments. Basics: You had 0 out of 102 hit points. You had all 34 energy points (spell power). Your armor class was 2. Your wallet was empty. Autopickup was off. Final Characteristics: Your strength was 17 (limit:18/100). Your dexterity was 17 (limit:18). Your constitution was 18 (limit:18). Your intelligence was 8 (limit:18). Your wisdom was 11 (limit:18). Your charisma was 9 (limit:18). Final Status: You were hungry. You were unencumbered. You were wielding a spear. You were skilled in spear and could have enhanced that. Final Attributes: You were piously aligned. You were cold resistant. You were poison resistant. You were level-drain resistant. You were telepathic. You were stealthy. You were a werewolf. You were harmed by silver. You were fast. You were unlucky. Tyr was angry with you. You are dead. Miscellaneous: You never encountered a bones level. Total elapsed playing time was 1 hour, 56 minutes and 40 seconds. Major events: Turn 1: adinthrae the lawful human Valkyrie entered the dungeon 629: attained the rank of Skirmisher (level 3) 2583: entered the Gnomish Mines 2616: attained the rank of Fighter (level 6) 5844: entered Sokoban 6134: completed 1st Sokoban level 6777: completed 2nd Sokoban level 7058: completed 3rd Sokoban level 8019: completed 4th Sokoban level 8886: acquired the Sokoban bag of holding 8979: attained the rank of Woman-at-arms (level 10) 9737: entered the Bigroom 10420: killed by a pyrolisk Vanquished creatures: 2 giant mimics 2 zruties an ogre tyrant a flesh golem a doppelganger a large mimic a stalker an air elemental 2 giant zombies a small mimic 2 quantum mechanics a gelatinous cube 2 flaming spheres 2 elf mummies a human mummy a pit viper 2 leather golems 4 Grey-elves 2 amorous demons a chameleon a giant beetle 2 quivering blobs 2 cockatrices 6 wolves 3 winter wolf cubs a spotted jelly 10 leprechauns an iron piercer a giant spider 2 scorpions a horse a black light a gnome ruler a dwarf mummy 4 brown puddings a rust monster 4 owlbears 2 werewolves a Green-elf a lizard a jaguar a white unicorn a dust vortex 3 ravens a snake 6 Woodland-elves a soldier ant a quasit 2 wood nymphs a mountain nymph 9 Mordor orcs 2 Uruk-hai 3 rock piercers 2 rock moles 2 ponies 2 yellow lights 2 violet fungi 2 gnome leaders a gnomish wizard 3 kobold mummies 2 ghouls a straw golem a paper golem a giant ant 2 floating eyes a kitten 2 dwarves 3 homunculi 3 kobold leaders a kobold shaman 7 hill orcs 14 rothes a rabid rat 2 giant bats 3 orc zombies 3 dwarf zombies a wererat a werejackal 2 iguanas 6 killer bees 2 acid blobs a coyote 2 gas spores 3 hobbits 9 manes a large kobold a hobgoblin 4 giant rats 4 cave spiders a brown mold 4 yellow molds a green mold 2 red molds 10 gnomes a garter snake a gnome zombie 4 geckos 8 jackals 2 foxes a kobold 2 goblins 3 grid bugs 3 bats 5 lichens a kobold zombie 5 newts 261 creatures vanquished. No species were genocided or became extinct. Voluntary challenges: You read items or engraved 19 times. You engraved Elbereth 2 times. You never genocided any monsters. You never polymorphed an object. You used no wishes. You did not violate any of the special Sokoban rules. Achievements: You attained the rank of Skirmisher. You entered a shop. You entered the Gnomish Mines. You attained the rank of Fighter. You entered Sokoban. You completed Sokoban. You attained the rank of Woman-at-arms. You entered the Big Room. The Dungeons of Doom: levels 1 to 11 Level 1: Level 2: A general store, a fountain. Level 3: Level 4: A fountain. Stairs down to The Gnomish Mines. Level 5: A fountain. Level 6: Level 7: A sink, a grave. Level 8: Many fountains. Level 9: Some fountains. Level 10: <- You were here. A fountain. Stairs up to Sokoban, level 9. Final resting place for you, killed by a pyrolisk. Level 11: A very big room. The Gnomish Mines: Level 5: Sokoban: levels 9 up to 6 Level 6: Solved. Level 7: Solved. Level 8: Solved. Level 9: Solved. Game over: ---------- / \ / REST \ / IN \ / PEACE \ / \ | adinthrae | | 7644 Au | | killed by a | | pyrolisk | | | | | | 2022 | *| * * * | * _________)/\\_//(\/(/\)/\//\/|_)_______ Farvel adinthrae the Valkyrie... You died in The Dungeons of Doom on dungeon level 10 with 32614 points, and 7644 pieces of gold, after 10420 moves. You were level 10 with a maximum of 102 hit points when you died.